 Dungeon Crawl Stone Soup version 0.16-a0-1794-gf7beed7 (webtiles) character file.

2585 timbw the Basher (level 9, -2/76 HPs)
             Began as a Troll Hunter on Nov 3, 2014.
             Was a Believer of Dithmenos.
             Slain by a killer bee (8 damage)
             ... on level 1 of the Lair of Beasts.
             The game lasted 00:14:49 (2850 turns).

timbw the Basher (Troll Hunter)                     Turns: 2850, Time: 00:14:49

Health: -2/76      AC:  6    Str: 22    XL:     9   Next: 32%
Magic:  4/4        EV: 10    Int:  7    God:    Dithmenos [**....]
Gold:   123        SH:  0    Dex: 13    Spells: 0 memorised, 8 levels left

rFire  . . .     SeeInvis .     a - +0 giant spiked club
rCold  . . .     Clarity  .     d - +1 animal skin
rNeg   . . .     SustAb   .     (shield restricted)
rPois  .         Gourm    +     (helmet restricted)
rElec  .         Spirit   .     (no cloak)
rCorr  .         Warding  .     (gloves unavailable)
rMut   .         Stasis   .     (boots unavailable)
MR     .....                    (no amulet)
Stlth  ++........               (no ring)
                                (no ring)

@: lethally poisoned, wreathed by umbra, not resistant to hostile enchantments,
unstealthy
A: unfitting armour, claws 3, fast metabolism 3, gourmand, regeneration 2,
shaggy fur 1, tough skin 2
a: Shadow Step, Renounce Religion


You were on level 1 of the Lair of Beasts.
You worshipped Dithmenos.
Dithmenos was pleased with you.
You were not hungry.

You visited 3 branches of the dungeon, and saw 12 of its levels.
You also visited: Sewer.

You collected 123 gold pieces.

Inventory:

Hand weapons
 a - a +0 giant spiked club (weapon)
 c - a +1 giant club
 e - a +0 club
Missiles
 b - 8 large rocks (quivered)
Armour
 d - a +1 animal skin (worn)
Magical devices
 t - a wand of cold (10)
Scrolls
 k - 5 scrolls of remove curse
 p - a scroll of enchant armour
 q - a scroll of magic mapping
 r - a scroll of amnesia
Potions
 g - a potion of magic
 m - a potion of resistance
 n - 2 potions of lignification
Comestibles
 f - a royal jelly
 h - 4 bread rations
 l - 2 chunks of flesh
 o - 3 meat rations


   Skills:
 - Level 1.5 Fighting
 + Level 11.3 Maces & Flails
 - Level 3.6 Throwing
 - Level 2.3 Dodging
 - Level 0.4 Stealth


You had 8 spell levels left.
You didn't know any spells.

Dungeon Overview and Level Annotations

Branches:
Dungeon (10/15)            Temple (1/1) D:6            Lair (1/8) D:9
    Orc: D:9-12

Altars:
Cheibriados
Dithmenos
Elyvilon
Fedhas
Gozag
Kikubaaqudgha
Makhleb
Nemelex Xobeh
Okawaru
Qazlal
Ru
Sif Muna
Trog
Vehumet
Xom
Zin

Shops:
D:8 (


Innate Abilities, Weirdness & Mutations

You are too large for most types of armour.
You have claws for hands.
Your metabolism is lightning-fast.
You like to eat raw meat.
You heal very quickly.
You are covered in fur (AC +1).
You have very tough skin (AC +2).


Message History

You throw a large rock. The large rock hits the killer bee!!
You kill the killer bee!
Dithmenos accepts your kill.
Cornered, the killer bee turns to fight!
Read which item? (? for menu, Esc to quit)
As you read the scroll of fear, it crumbles to dust.
You assume a fearsome visage.
The queen bee looks frightened!
The killer bee looks frightened! x2
The killer bee stings you.
* * * LOW HITPOINT WARNING * * *
The killer bee stings you!
* * * LOW HITPOINT WARNING * * *
You are poisoned.
The killer bee poisons you! The killer bee stings you.
* * * LOW HITPOINT WARNING * * *
You feel sick. The killer bee barely misses you.
The killer bee stings you but does no damage.
There is an open door here.
The killer bee stings you!
You die...

# ############### ##
##.#...........## ### #####.
..y'...........P# ###.######...'.
#.##...........# #.......##...#.
P #............# #.####..##..##.
+..#...........####.......#P..##.
###............##...#.#.#.'..##..
##.....(.....#@.#.#.....#.####.
#...........yy.####.#.##### #.
##..........y### ...#... #.
###.#+.###### .# ###. #. ##..##
#. ##. ## #. ##


You could see 3 killer bees.

Vanquished Creatures
  A komodo dragon (Lair:1)
  A deep elf mage (D:9)
  A steam dragon (D:9)
  3 ogres
  2 phantoms
  An ice beast (D:9)
  A sky beast (D:8)
  A water moccasin (D:7)
  3 centaurs
  Sigmund (D:5)
  4 big kobolds (Sewer)
  A giant frog (D:6)
  A killer bee (Lair:1)
  A goliath beetle (D:9)
  A crimson imp (D:8)
  An orc priest (D:9)
  2 iguanas
  A hound (D:6)
  3 orc wizards
  4 worker ants
  Ijyb (D:5)
  4 green rats (Sewer)
  A scorpion zombie (D:8)
  4 shadow imps
  10 adders
  3 giant mites (D:6)
  6 worms
  5 oozes
  10 orcs
  A ball python (Sewer)
  3 bats
  A bat zombie (D:8)
  A giant cockroach (D:6)
  4 goblins
  5 hobgoblins
  2 jackals (D:2)
  8 kobolds
  A quokka (D:6)
  A giant gecko (D:6)
  A gnoll skeleton (D:8)
  7 rats
113 creatures vanquished.

Notes
Turn   | Place    | Note
--------------------------------------------------------------
     0 | D:1      | timbw, the Troll Hunter, began the quest for the Orb.
     0 | D:1      | Reached XP level 1. HP: 19/19 MP: 1/1
    74 | D:2      | Reached XP level 2. HP: 27/27 MP: 1/1
   160 | D:2      | Reached skill level 1 in Maces & Flails
   176 | D:2      | Reached XP level 3. HP: 12/33 MP: 2/2
   458 | D:4      | Reached XP level 4. HP: 37/41 MP: 2/2
   470 | D:5      | Entered Level 5 of the Dungeon
   470 | D:5      | Noticed a phantom
   479 | D:5      | Noticed an ogre
   500 | D:6      | Found a staircase to the Ecumenical Temple.
   506 | D:6      | Noticed a phantom
   508 | Temple   | Entered the Ecumenical Temple
   532 | Temple   | Became a worshipper of Dithmenos the Shadowed
   574 | D:6      | Killed a phantom
   574 | D:6      | Reached skill level 4 in Maces & Flails
   574 | D:6      | Reached XP level 5. HP: 22/48 MP: 2/2
   615 | D:6      | Noticed a giant frog
   627 | D:6      | Killed a giant frog
   704 | D:6      | Reached skill level 5 in Maces & Flails
   704 | D:6      | Reached XP level 6. HP: 52/55 MP: 3/3
   751 | D:6      | Found a glowing drain.
   778 | Sewer    | Entered a sewer
  1164 | Sewer    | Reached skill level 6 in Maces & Flails
  1221 | Sewer    | Reached XP level 7. HP: 62/62 MP: 3/3
  1401 | Sewer    | Reached skill level 7 in Maces & Flails
  1523 | D:6      | Killed an ogre
  1656 | D:7      | Reached skill level 8 in Maces & Flails
  1752 | D:5      | Killed a phantom
  1752 | D:5      | Reached XP level 8. HP: 64/70 MP: 3/3
  1782 | D:5      | Noticed Sigmund
  1785 | D:5      | Noticed Ijyb
  1823 | D:5      | Killed Sigmund
  1859 | D:5      | Killed Ijyb
  1887 | D:5      | Noticed a centaur
  1896 | D:5      | Killed a centaur
  1896 | D:5      | Reached skill level 9 in Maces & Flails
  2071 | D:8      | Found a deep blue altar of Sif Muna.
  2073 | D:8      | Found an iron altar of Okawaru.
  2074 | D:8      | Found a radiant altar of Vehumet.
  2076 | D:8      | Found a sparkling altar of Nemelex Xobeh.
  2082 | D:8      | Acquired Dithmenos' first power
  2277 | D:8      | Reached skill level 10 in Maces & Flails
  2305 | D:8      | Found Twelem's Antique Weapon Boutique.
  2460 | D:9      | Reached XP level 9. HP: 52/76 MP: 4/4
  2469 | D:9      | Found a staircase to the Lair.
  2469 | D:9      | Noticed a death yak
  2469 | D:9      | Noticed an elephant
  2693 | D:10     | Entered Level 10 of the Dungeon
  2715 | Lair:1   | Entered Level 1 of the Lair of Beasts
  2715 | Lair:1   | Noticed a komodo dragon
  2766 | Lair:1   | Killed a komodo dragon
  2766 | Lair:1   | Reached skill level 11 in Maces & Flails
  2850 | Lair:1   | Slain by a killer bee

Action                   |  1- 3 |  4- 6 |  7- 9 || total
-------------------------+-------+-------+-------++-------
Melee: Unarmed           |    61 |   165 |    67 ||   293
       Giant club        |       |       |   108 ||   108
       Giant spiked club |       |       |    34 ||    34
Throw: Large rock        |     7 |    25 |    20 ||    52
       Throwing net      |       |     2 |       ||     2
  Use: Scroll            |       |     3 |     9 ||    12
       Potion            |       |       |     2 ||     2
 Stab: Sleeping          |     1 |       |     1 ||     2
  Eat: Chunk             |     3 |     5 |    16 ||    24
       Bread ration      |       |       |     1 ||     1
